 Dungeon Crawl Stone Soup version 0.30-a0-159-g068b764562 (webtiles) character file.

Game seed: 4633661840106117803

62735 ragingrage the Impaler (level 14, -4/119 (122) HPs)
             Began as a Demonspawn Reaver on Sept 27, 2022.
             Was a High Priest of Ru.
             Engulfed by a cloud of flame (5 damage)
             ... in an ice cave.
             The game lasted 00:43:38 (33494 turns).

ragingrage the Impaler (Demonspawn Reaver)         Turns: 33494, Time: 00:43:39

HP:   -4/119 (122)  AC: 13    Str: 22    XL:     14   Next: 65%
MP:   20/22         EV: 32    Int: 17    God:    Ru [*****.]
Gold: 255           SH:  0    Dex: 16    Spells: 19/24 levels left

rFire   . . .      SeeInvis .    i - +2 scythe (distort)
rCold   + . .      Faith    .    (shield currently unavailable)
rNeg    + . .      Spirit   .    s - +5 ring mail of Tare {rN+ Dex+4}
rPois   +          Reflect  .    X - +2 hat
rElec   .          Harm     .    (no cloak)
rCorr   .          Rampage  .    Q - +0 pair of gloves {hurl}
Will    +....                    A - +2 pair of boots of the Planets {Str+3}
Stlth   ..........               t - amulet of the acrobat
HPRegen 0.29/turn                J - ring of ice
MPRegen 0.18/turn                q - ring of Mysticism {rPois rF+ Str+6}

@: acrobatic, earthbound, studying Evocations, lightly drained, unable to drink
A: horns 2, repulsion field 1, spiny 2, weak 1, no potion heal 1, inability to
drink after injury 2, no stealth, no hexes magic, no ice magic, no summoning
magic, reduced AC 1, demonic magic 2, robust 1, MP-powered wands
a: Renounce Religion, Draw Out Power, Power Leap, Apocalypse


You were in an ice cave.
You worshipped Ru.
Ru was extremely pleased with you.
You visited 4 branches of the dungeon, and saw 20 of its levels.
You also visited: Sewer, Ice Cave and Volcano.

You collected 2537 gold pieces.
You spent 2282 gold pieces at shops.

Inventory:

Hand Weapons
 i - a +2 scythe of distortion (weapon)
 l - a +3 glaive
 L - a +0 hand crossbow of flaming
 Z - a +4 trident of flaming
Missiles
 e - 42 poisoned darts (quivered)
 P - 3 throwing nets
Armour
 s - the +5 ring mail of Tare (worn) {rN+ Dex+4}
   (You bought it in a shop on level 1 of the Dungeon)

   Dex:       It affects your dexterity (+4).
   rN:        It protects you from negative energy.
 A - the +2 pair of boots of the Planets (worn) {Str+3}
   (You found it in a volcano)

   Str:       It affects your strength (+3).
 Q - a +0 pair of gloves of hurling (worn)
 X - a +2 hat (worn)
Jewellery
 q - the ring of Mysticism (right hand) {rPois rF+ Str+6}
   (You acquired it on level 8 of the Dungeon)

   [ring of strength]

   Str:       It affects your strength (+6).
   rF:        It protects you from fire.
   rPois:     It protects you from poison.
 t - an amulet of the acrobat (around neck)
 J - a ring of ice (left hand)
 S - a +4 ring of protection
Wands
 k - a wand of flame (18)
 p - a wand of digging (9)
 y - a wand of iceblast (2)
 B - a wand of polymorph (7)
 F - a wand of light (3)
 H - a wand of mindburst (21)
Scrolls
 d - 2 scrolls of fog
 f - 7 scrolls of teleportation
 h - 2 scrolls of amnesia
 j - 4 scrolls of magic mapping
 m - a scroll of poison
 z - 2 scrolls of enchant armour
 D - 2 scrolls of vulnerability
 K - 3 scrolls of fear
 M - a scroll of enchant weapon
 R - 5 scrolls of blinking
 T - a scroll of brand weapon
 W - 2 scrolls of silence
Potions
 a - 4 potions of haste
 c - 2 potions of flight
 n - 8 potions of attraction
 o - 9 potions of heal wounds
 r - a potion of berserk rage
 u - 2 potions of resistance
 v - a potion of invisibility
 w - a potion of magic
 x - 2 potions of brilliance
 C - 4 potions of lignification
 N - a potion of mutation
 O - 4 potions of curing
 U - a potion of ambrosia
 V - 3 potions of cancellation
Miscellaneous
 Y - a box of beasts (inert)


   Skills:
 + Level 10.5 Fighting
 - Level 16.0 Polearms
 + Level 6.8 Armour
 + Level 7.7 Dodging
 + Level 5.9 Spellcasting
 - Level 9.0 Conjurations
 - Level 2.0 Necromancy
 - Level 3.0 Fire Magic
   Level 0.0 Ice Magic
 - Level 3.0 Earth Magic
 + Level 6.8 Evocations


You had 19 spell levels left.
You knew the following spells:

 Your Spells              Type           Power      Damage    Failure   Level
a - Kiss of Death         Conj/Necr      92%        2d12      1%          1
b - Volcanic Tap          Conj/Fire/Erth 44%        3d10      3%          2
d - Searing Ray           Conj           70%        2d7       1%          2

Your spell library contained the following spells:

 Spells                   Type           Power      Damage    Failure   Level
 Foxfire                  Conj/Fire      100%       2x1d9     1%          1
 Magic Dart               Conj           100%       1d8       1%          1
 Shock                    Conj/Air       80%        1d8       3%          1
 Scorch                   Fire           30%        2d7       9%          2
 Flame Wave               Conj/Fire      25%        2d8       17%         4
 Sticky Flame             Conj/Fire      25%        2d5       17%         4
 Vampiric Draining        Necr           11%        2d6       26%         3
 Ignite Poison            Fire/Tmut/Pois 8%         N/A       36%         3
 Gell's Gravitas          Tloc           5%         N/A       52%         3
 Lesser Beckoning         Tloc           5%         N/A       52%         3
 Spider Form              Tmut/Pois      5%         N/A       52%         3
 Swiftness                Air            5%         N/A       52%         3
 Teleport Other           Tloc           5%         N/A       52%         3
 Airstrike                Air            2%         2d(1-17)  89%         4
 Olgreb's Toxic Radiance  Pois           5%         N/A       89%         4
 Orb of Destruction       Conj           17%        9d7       99%         7
 Ignition                 Fire           7%         3d5       100%        8
 Hailstorm                Conj/Ice       Unusable   3d8       N/A         3
 Slow                     Hex            Unusable   N/A       N/A         1
 Ensorcelled Hibernation  Hex/Ice        Unusable   N/A       N/A         2
 Fulminant Prism          Conj/Hex       Unusable   3d9       N/A         4
 Inner Flame              Hex/Fire       Unusable   N/A       N/A         3
 Confusing Touch          Hex            Unusable   N/A       N/A         3
 Frozen Ramparts          Ice            Unusable   1d3       N/A         3
 Anguish                  Hex/Necr       Unusable   N/A       N/A         4
 Freezing Cloud           Conj/Ice/Air   Unusable   6-21      N/A         5
 Ice Form                 Ice/Tmut       Unusable   N/A       N/A         4
 Summon Ice Beast         Ice/Summ       Unusable   N/A       N/A         4
 Summon Cactus Giant      Summ           Unusable   N/A       N/A         6
 Ozocubu's Refrigeration  Ice            Unusable   4d8       N/A         7

Dungeon Overview and Level Annotations

Branches:
Dungeon (12/15)            Temple (1/1) D:7            Lair (5/5) D:8
  Swamp (0/4) Lair:3        Snake (0/4) Lair:3        Slime (0/5) Lair:4
    Orc (2/2) D:9             Elf (0/3) Orc:2         Sewer (visited)
  IceCv (1/1)             Volcano (visited)

Altars:
Ashenzari
Cheibriados
Dithmenos
Fedhas
Gozag
Hepliaklqana
Kikubaaqudgha
Makhleb
Nemelex Xobeh
Okawaru
Qazlal
Ru
Sif Muna
Trog
Uskayaw
Vehumet
Wu Jian
Xom
Yredelemnul

Shops:
D:1 [   D:7 *   D:8 ?   D:9 [   Orc:2 =?[:

Portals:
Hell: Lair:5
Trove: D:11 (give +8 demon trident)

Annotations:
D:1 exclusion: 2 downstairs
D:10 Gastronok
D:11 3 runed translucent doors
Lair:5 1 runed translucent door, purpskrrrp's ghost, journeyman DsFi
Abyss:1 Edmund, Harold


Innate Abilities, Weirdness & Mutations

You have a pair of horns on your head.
You are surrounded by a mild repulsion field. (EV +2)
You are mostly covered in sharp spines.
You are weak. (Str -2)
Potions are less effective at restoring your health.
You sometimes lose the ability to drink potions when taking damage.
You cannot be stealthy.
You cannot study or cast Hexes magic.
You cannot study or cast Ice magic.
You cannot study or cast Summoning magic.
You take slightly more damage. (AC -5)
Spells you cast may paralyse nearby enemies.
You are robust. (+10% HP)
You expend magic power (3 MP) to strengthen your wands.


Message History

Press: ? - help, Dir - move target, f/p - death yak simulacrum
Aim: a death yak simulacrum (lightly damaged, inner flame, about 2% to evade your +2 scythe of distortion)
You reach to attack!
You hit the death yak simulacrum but do no damage.
Space warps horribly around the death yak simulacrum!
Flame seeps out of the death yak simulacrum.
The death yak simulacrum is moderately damaged.
The death yak simulacrum is engulfed in blazing flames.
Flame seeps out of the death yak simulacrum.
You hit the death yak simulacrum but do no damage.
Space warps around the death yak simulacrum.
Flame seeps out of the death yak simulacrum.
The death yak simulacrum is almost destroyed.
The wolf simulacrum is struck by your spines.
The wolf simulacrum explodes!
The fiery explosion engulfs the death yak simulacrum!!
The death yak simulacrum melts!
The fiery explosion engulfs you!!
You feel threatened and lose the ability to drink potions!
The fiery explosion engulfs the white ugly thing!!
Flame seeps out of the white ugly thing.
The white ugly thing is moderately wounded.
The death yak simulacrum explodes!
The fiery explosion engulfs you!!
The fiery explosion engulfs the white ugly thing!!
Flame seeps out of the white ugly thing.
The white ugly thing is severely wounded.
You cannot move.
You are engulfed in blazing flames.
* * * LOW HITPOINT WARNING * * *
The white ugly thing is engulfed in blazing flames.
Flame seeps out of the white ugly thing.
Reach: i) +2 scythe (distort)
Press: ? - help, Dir - move target, f - white ugly thing
Aim: a white ugly thing (flame, almost dead, inner flame, about 30% to evade your +2 scythe of distortion)
You puncture the white ugly thing!
The white ugly thing explodes!
The fiery explosion engulfs you!!
* * * LOW HITPOINT WARNING * * *
You are engulfed in blazing flames.
You die...

#######
##..∩..##
#..§@§..#
#...§§°...#
#...Z§§§°...#
#...........#
#...........#
#.............#
#....8...8....#
#......)......#


You could see a death yak simulacrum (inner flame).

Vanquished Creatures
  An orc warlord (Orc:2)
  A hydra (Lair:5)
  An ogre mage (Orc:2)
  A two-headed ogre (D:9)
  3 death yaks (Lair:4)
  A sun demon (Lair:5)
  A hell knight (Volcano)
  Nergalle (D:12)
  An orc high priest (Orc:1)
  2 lindwurms (Lair:4)
  3 orc knights
  Pikel (D:5)
  A wolf spider (Lair:1)
  13 orc sorcerers
  2 ugly things
  An oklob plant (Lair:5)
  A cyclops (D:12)
  5 elephants
  2 smoke demons
  7 black mambas
  11 cane toads
  3 orange demons (Lair:5)
  Joseph (D:7)
  A gargoyle (D:11)
  6 rime drakes
  Maggie (D:6)
  4 trolls
  4 ice devils
  A red devil (Volcano)
  6 polar bears
  6 komodo dragons
  A hornet (D:10)
  Grinder (D:5)
  18 blink frogs
  10 dream sheep
  3 centaur simulacra (D:12)
  Sigmund (D:2)
  A shadow (D:12)
  A vampire (D:10)
  A water elemental (D:12)
  3 wyverns
  19 yaks
  3 fire bats (Lair:2)
  2 basilisks
  Grum (D:9)
  2 steam dragons
  A death yak simulacrum (IceCv)
  Menkaure (D:7)
  4 nagas (Lair:3)
  4 acid dragons
  2 wargs
  14 water moccasins
  2 black bears
  6 hell hounds
  23 orc warriors
  A sky beast (D:8)
  An ice beast (D:8)
  8 ogres
  22 wolves
  2 lemures (D:5)
  A phantom (D:6)
  2 centaurs
  3 kobold brigands (D:9)
  Blork the orc (D:4)
  8 bullfrogs
  2 necrophages (D:4)
  A gnoll sergeant (D:9)
  4 scorpions
  A water moccasin skeleton (D:3)
  4 howler monkeys
  2 electric eels
  6 jellies
  2 hounds (D:6)
  18 orc priests
  A gnoll bouda (Orc:1)
  Jessica (D:3)
  Ijyb (D:5)
  2 iguanas (D:5)
  38 orc wizards
  A wolf simulacrum (IceCv)
  12 gnolls
  2 river rats (Sewer)
  14 adders
  A shadow imp (D:6)
  3 white imps
  5 ufetubi
  An adder zombie (D:3)
  3 worms
  5 dart slugs
  79 orcs
  3 bats
  23 endoplasms
  9 giant cockroaches
  9 goblins
  7 hobgoblins
  7 jackals
  2 quokkas
  10 ball pythons
  9 frilled lizards
  21 kobolds
  9 rats
584 creatures vanquished.

Vanquished Creatures (collateral kills)
  A hydra (Lair:2)
  2 death yaks (Lair:4)
  An orc sorcerer (Orc:2)
4 creatures vanquished.

Vanquished Creatures (others)
  A death yak (Lair:4)
  A dream sheep (Lair:5)
  4 yaks (Lair:4)
  6 orcs
  A butterfly (Lair:2)
  13 fungi
  27 plants
53 creatures vanquished.

Grand Total: 641 creatures vanquished

Notes
Turn   | Place    | Note
-------+----------+-------------------------------------------
     0 | D:1      | ragingrage the Demonspawn Reaver began the quest for the
                  | Orb.
     0 | D:1      | Reached XP level 1. HP: 16/16 MP: 3/3
   244 | D:1      | Reached skill level 3 in Polearms
   244 | D:1      | Gained mutation: You are partially covered in sharp spines.
                  | [demonic ancestry]
   244 | D:1      | Reached XP level 2. HP: 11/19 MP: 3/5
   410 | D:1      | Found a basalt altar of Yredelemnul.
  1144 | D:1      | Found Gykiej's Antique Armour Shop.
  1301 | D:2      | Reached XP level 3. HP: 18/24 MP: 4/6
  2139 | D:2      | Noticed Sigmund
  2745 | D:3      | Reached skill level 1 in Necromancy
  2951 | D:3      | Reached XP level 4. HP: 10/21 MP: 7/7
  3316 | D:3      | Learned a level 2 spell: Volcanic Tap
  3320 | D:3      | Learned a level 3 spell: Hailstorm
  3639 | D:2      | Found a bloodstained altar of Trog.
  3684 | D:2      | Gained mutation: You are mostly covered in sharp spines.
                  | [demonic ancestry]
  3684 | D:2      | Reached XP level 5. HP: 27/27 MP: 6/8
  3783 | D:2      | Reached skill level 4 in Polearms
  3847 | D:2      | Killed Sigmund
  3848 | D:2      | Reached skill level 5 in Conjurations
  3848 | D:2      | Gained mutation: Spells you cast may paralyse adjacent
                  | enemies. [demonic ancestry]
  3848 | D:2      | Reached XP level 6. HP: 19/44 MP: 6/9
  4206 | D:2      | Identified the +11 whip "Liuvathru" {vamp, rElec rCorr
                  | MP+9}
  4690 | D:2      | Found a faded altar of an unknown god.
  4943 | D:3      | Noticed Jessica
  4948 | D:3      | Killed Jessica
  4949 | D:3      | Reached skill level 5 in Polearms
  5432 | D:4      | Found a glowing drain.
  5444 | Sewer    | Entered a sewer
  5628 | Sewer    | Reached XP level 7. HP: 48/50 MP: 10/10
  5656 | Sewer    | Found a viscous altar of Jiyva.
  5749 | D:4      | Reached skill level 6 in Polearms
  5905 | D:4      | Noticed Blork the orc
  5911 | D:4      | Killed Blork the orc
  6197 | D:4      | Reached skill level 7 in Polearms
  6556 | D:4      | Learned a level 2 spell: Searing Ray
  6586 | D:5      | Entered Level 5 of the Dungeon
  6967 | D:4      | Reached XP level 8. HP: 39/56 MP: 11/11
  7278 | D:5      | Reached skill level 8 in Polearms
  7352 | D:5      | Noticed Grinder
  7364 | D:5      | Killed Grinder
  7415 | D:5      | Noticed Ijyb
  7425 | D:5      | Killed Ijyb
  7455 | D:5      | Reached skill level 9 in Polearms
  7681 | D:5      | Noticed Pikel
  7728 | D:5      | Killed Pikel
  7729 | D:5      | Reached skill level 10 in Polearms
  7729 | D:5      | Gained mutation: You have a pair of small horns on your
                  | head. [demonic ancestry]
  7729 | D:5      | Reached XP level 9. HP: 24/61 MP: 7/12
  7935 | D:5      | Noticed Edmund
  8242 | D:6      | Noticed Maggie
  8863 | D:6      | Gained mutation: You are robust. (+10% HP) [potion of
                  | mutation]
  8863 | D:6      | Gained mutation: You expend magic power (3 MP) to
                  | strengthen your wands. [potion of mutation]
  8867 | D:6      | Killed Maggie
  8870 | D:6      | Reached skill level 11 in Polearms
  9906 | D:7      | Noticed Menkaure
  9911 | D:7      | Killed Menkaure
 10161 | D:7      | Found a shadowy altar of Dithmenos.
 10204 | D:7      | Noticed Joseph
 10549 | D:8      | Found Giupsu Fua's Magic Scroll Shoppe.
 10703 | D:8      | Bought a scroll of fog for 56 gold pieces
 10703 | D:8      | Bought a scroll of teleportation for 42 gold pieces
 10703 | D:8      | Bought a scroll of teleportation for 42 gold pieces
 10721 | D:8      | Identified a scroll of acquirement
 10723 | D:8      | Acquired the ring of Mysticism {rPois rF+ Str+6}
 10813 | D:8      | Found a staircase to the Lair.
 11067 | D:8      | Reached skill level 5 in Spellcasting
 11898 | D:7      | Found a staircase to the Ecumenical Temple.
 11909 | Temple   | Entered the Ecumenical Temple
 11973 | Temple   | Became a worshipper of Ru the Awakened
 12101 | D:7      | Killed Joseph
 12102 | D:7      | Gained mutation: You are surrounded by a mild repulsion
                  | field. (EV +2) [demonic ancestry]
 12102 | D:7      | Reached XP level 10. HP: 34/60 MP: 14/17
 12235 | D:7      | Found a snail-covered altar of Cheibriados.
 12473 | D:7      | Found Astenun's Neck Hole.
 12504 | D:7      | Reached skill level 12 in Polearms
 13042 | D:9      | Noticed Grum
 13062 | D:9      | Killed Grum
 13410 | D:10     | Entered Level 10 of the Dungeon
 13634 | D:9      | Gained mutation: You occasionally lose the ability to drink
                  | potions when taking damage. [Ru sacrifice]
 13634 | D:9      | Gained mutation: You sometimes lose the ability to drink
                  | potions when taking damage. [Ru sacrifice]
 13634 | D:9      | Reached * piety under Ru
 13646 | D:9      | Reached skill level 13 in Polearms
 13937 | D:9      | Found a staircase to the Orcish Mines.
 13939 | D:9      | Found Pasoplez's Armour Boutique.
 14161 | D:9      | Noticed Harold
 14174 | D:10     | Identified the +0 scale mail "Hozugada" {Str+2 Int+3}
 14452 | D:10     | Found a blossoming altar of Fedhas.
 14787 | D:10     | Got the Incunable of the Blazing Barrage
 14811 | D:10     | Noticed Gastronok
 14862 | D:11     | Found a runed translucent gate.
 14863 | D:11     | Found a runed translucent gate.
 14863 | D:11     | Found a runed translucent gate.
 14863 | D:11     | Noticed a brown ugly thing
 14864 | D:11     | Noticed a green ugly thing
 14864 | D:11     | Noticed a green ugly thing
 14865 | D:11     | Noticed a green ugly thing
 14865 | D:11     | Noticed a shining eye
 14869 | D:11     | a shining eye changed into a dream sheep
 14873 | D:11     | Noticed a boulder beetle
 14874 | D:11     | a dream sheep changed into a manticore
 14874 | D:11     | Noticed a manticore (glowing shapeshifter)
 14875 | D:11     | a manticore changed into an orb spider
 14875 | D:11     | Noticed an orb spider (glowing shapeshifter)
 14877 | D:11     | an orb spider changed into a torpor snail
 14877 | D:11     | Noticed a torpor snail (glowing shapeshifter)
 14878 | D:11     | a torpor snail changed into a swamp worm
 14879 | D:11     | a swamp worm changed into a cyclops
 14879 | D:11     | Noticed a cyclops (glowing shapeshifter)
 14881 | D:11     | Banished a boulder beetle
 14882 | D:11     | Reached skill level 14 in Polearms
 14886 | D:11     | a cyclops changed into a komodo dragon
 14892 | D:11     | a komodo dragon changed into a salamander
 14892 | D:11     | Noticed a salamander (glowing shapeshifter)
 14897 | D:11     | a salamander changed into a death drake
 14897 | D:11     | Noticed a death drake (glowing shapeshifter)
 14903 | D:11     | a death drake changed into a glowing orange brain
 14903 | D:11     | Noticed a glowing orange brain (glowing shapeshifter)
 14906 | D:11     | a glowing orange brain changed into a manticore
 14906 | D:11     | Noticed a manticore (glowing shapeshifter)
 14908 | D:11     | a manticore changed into a guardian serpent
 14908 | D:11     | Noticed a guardian serpent (glowing shapeshifter)
 14914 | D:11     | a guardian serpent changed into a fire crab
 14914 | D:11     | Noticed a fire crab (glowing shapeshifter)
 14918 | D:11     | a fire crab changed into a polar bear
 14924 | D:11     | a komodo dragon changed into a cyclops
 14924 | D:11     | Noticed a cyclops (glowing shapeshifter)
 14927 | D:11     | a cyclops changed into a two-headed ogre
 14927 | D:11     | Noticed a two-headed ogre (glowing shapeshifter)
 14935 | D:11     | a two-headed ogre changed into a slime creature
 14936 | D:11     | a slime creature changed into a goliath frog
 14936 | D:11     | Noticed a goliath frog (glowing shapeshifter)
 14942 | D:11     | a goliath frog changed into a fire dragon
 14942 | D:11     | Noticed a fire dragon (glowing shapeshifter)
 14944 | D:11     | a fire dragon changed into a six-headed hydra
 14944 | D:11     | Noticed a six-headed hydra (glowing shapeshifter)
 14949 | D:11     | a six-headed hydra changed into a fenstrider witch
 14949 | D:11     | Noticed a fenstrider witch (glowing shapeshifter)
 14950 | D:11     | a fenstrider witch changed into an eleionoma
 14950 | D:11     | Noticed an eleionoma (glowing shapeshifter)
 14952 | D:11     | an eleionoma changed into an iron troll
 14952 | D:11     | Noticed an iron troll (glowing shapeshifter)
 14955 | D:11     | an iron troll changed into an alligator snapping turtle
 14955 | D:11     | Noticed an alligator snapping turtle (glowing shapeshifter)
 14956 | D:11     | an alligator snapping turtle changed into a minotaur
 14956 | D:11     | Noticed a minotaur (glowing shapeshifter)
 14957 | D:11     | a minotaur changed into a dire elephant
 14957 | D:11     | Noticed a dire elephant (glowing shapeshifter)
 14960 | D:11     | a dire elephant changed into a catoblepas
 14960 | D:11     | Noticed a catoblepas (glowing shapeshifter)
 14964 | D:11     | a catoblepas changed into a storm dragon
 14964 | D:11     | Noticed a storm dragon (glowing shapeshifter)
 14970 | D:11     | a storm dragon changed into something unseen
 14977 | D:11     | Noticed a bunyip
 14981 | D:11     | a bunyip changed into a tyrant leech
 14983 | D:11     | a tyrant leech changed into an orb spider
 14983 | D:11     | Noticed an orb spider (glowing shapeshifter)
 14988 | D:11     | an orb spider changed into a manticore
 14988 | D:11     | Noticed a manticore (glowing shapeshifter)
 14996 | D:11     | a manticore changed into a komodo dragon
 15008 | D:11     | a queen bee changed into a guardian serpent
 15008 | D:11     | Noticed a guardian serpent (glowing shapeshifter)
 15009 | D:11     | a guardian serpent changed into a polar bear
 15113 | D:11     | Noticed a boulder beetle
 15125 | D:11     | Banished a boulder beetle
 15126 | D:11     | Gained mutation: Spells you cast may paralyse nearby
                  | enemies. [demonic ancestry]
 15126 | D:11     | Reached XP level 11. HP: 75/79 MP: 18/18
 15437 | D:11     | Found a portal to a secret trove of treasure.
 15850 | D:11     | Noticed a two-headed ogre
 15857 | D:11     | Banished a two-headed ogre
 16505 | D:9      | Reached skill level 15 in Polearms
 16505 | D:9      | Gained mutation: Potions are less effective at restoring
                  | your health. [Ru sacrifice]
 16505 | D:9      | Reached ** piety under Ru
 16532 | D:9      | Noticed a two-headed ogre
 16537 | D:9      | Killed a two-headed ogre
 16789 | D:9      | Paralysed by Harold for 5 turns
 16799 | D:9      | Banished Harold
 17015 | D:9      | Noticed a two-headed ogre
 17021 | D:9      | Banished a two-headed ogre
 17593 | D:5      | Banished Edmund
 17928 | Lair:1   | Entered Level 1 of the Lair of Beasts
 18058 | Lair:1   | You fall into a shaft and drop 1 floor!
 18157 | Lair:2   | Reached skill level 1 in Armour
 18595 | Lair:2   | Noticed an eight-headed hydra
 18808 | Lair:1   | Reached skill level 16 in Polearms
 19022 | Lair:1   | Noticed a wolf spider
 19034 | Lair:1   | Killed a wolf spider
 19113 | Lair:1   | Reached XP level 12. HP: 90/91 MP: 19/19
 19856 | Lair:2   | Reached skill level 5 in Fighting
 20048 | Lair:2   | Gained mutation: You take slightly more damage. (AC -5) [Ru
                  | sacrifice]
 20048 | Lair:2   | Reached *** piety under Ru
 20563 | Lair:3   | Reached skill level 5 in Armour
 20798 | Lair:3   | Found a staircase to the Swamp.
 21213 | Lair:3   | Reached skill level 5 in Dodging
 21377 | Lair:3   | Found a staircase to the Snake Pit.
 22084 | Lair:3   | Reached skill level 1 in Fire Magic
 22463 | Lair:4   | Reached skill level 1 in Earth Magic
 22475 | Lair:4   | Reached skill level 1 in Ice Magic
 22571 | Lair:4   | Found a staircase to the Slime Pits.
 22741 | Lair:4   | Reached XP level 13. HP: 99/105 MP: 13/20
 22863 | Lair:4   | Gained mutation: You cannot study or cast Ice magic. [Ru
                  | sacrifice]
 22863 | Lair:4   | Gained mutation: You cannot study or cast Hexes magic. [Ru
                  | sacrifice]
 22863 | Lair:4   | Gained mutation: You cannot study or cast Summoning magic.
                  | [Ru sacrifice]
 22863 | Lair:4   | Reached **** piety under Ru
 24046 | Lair:5   | Entered Level 5 of the Lair of Beasts
 24110 | Lair:5   | Found a dark tunnel.
 24119 | Volcano  | Entered a volcano
 24391 | Volcano  | Identified the +2 pair of boots of the Planets {Str+3}
 25179 | Lair:5   | Found a runed translucent door.
 25472 | Lair:5   | Reached skill level 1 in Evocations
 25740 | Lair:5   | Found a burning altar of Makhleb.
 25981 | Lair:5   | Noticed purpskrrrp's ghost (journeyman DsFi)
 26020 | Lair:5   | Found a hazy altar of Hepliaklqana.
 26217 | Lair:5   | Gained mutation: You cannot be stealthy. [Ru sacrifice]
 26217 | Lair:5   | Reached ***** piety under Ru
 26811 | Lair:5   | Gained mutation: You have a pair of horns on your head.
                  | [demonic ancestry]
 26811 | Lair:5   | Reached XP level 14. HP: 118/118 MP: 21/21
 27235 | Lair:5   | Found a gateway to Hell.
 27559 | Orc:1    | Entered Level 1 of the Orcish Mines
 28318 | Orc:2    | Entered Level 2 of the Orcish Mines
 28494 | Orc:2    | Noticed an orc warlord
 28727 | Orc:2    | Reached skill level 10 in Fighting
 29153 | Orc:1    | Reached skill level 5 in Evocations
 30239 | Orc:2    | Found a radiant altar of Vehumet.
 30254 | Orc:2    | Found Dutiyschapp's Vocational Training.
 30262 | Orc:2    | Bought a manual of Evocations for 1360 gold pieces
 30286 | Orc:2    | Found a staircase to the Elven Halls.
 30679 | Orc:2    | Found an ancient bone altar of Kikubaaqudgha.
 30853 | Orc:2    | Found Pomoaditi's Magic Scroll Shop.
 30875 | Orc:2    | Paralysed by an orc sorcerer for 5 turns
 30883 | Orc:2    | Found a radiant altar of Vehumet.
 30885 | Orc:2    | Paralysed by an ogre mage for 2 turns
 30906 | Orc:2    | Bought a scroll of blinking for 90 gold pieces
 31047 | Orc:2    | Found Mebaaj's Jewellery Boutique.
 31143 | Orc:2    | Found Nozausch's Antique Armour Shop.
 31330 | Orc:2    | Paralysed by an ogre mage for 3 turns
 31344 | Orc:2    | Bought a pair of embroidered gloves for 202 gold pieces
 31350 | Orc:2    | Bought a pair of glowing gloves for 202 gold pieces
 31361 | Orc:2    | Found Azxaipyf's Jewellery Boutique.
 31643 | Orc:2    | Killed an orc warlord
 31654 | Orc:2    | Gained mutation: You are weak. (Str -2) [Ru sacrifice]
 32767 | D:1      | Bought a distressingly furry ring mail for 288 gold pieces
 32767 | D:1      | Identified the +5 ring mail of Tare {rN+ Dex+4} (You bought
                  | it in a shop on level 1 of the Dungeon)
 33055 | D:12     | Noticed Nergalle
 33113 | D:12     | Killed Nergalle
 33463 | D:12     | Found a frozen archway.
 33487 | IceCv    | Entered an ice cave
 33494 | IceCv    | HP: 1/119 [spore (31)]
 33494 | IceCv    | Engulfed by a cloud of flame

Illustrated notes

Levels and vault maps discovered:
D:1:      scummos_arrival_star, layout_basic, serial_shops,
          nicolae_lakefront_shop, minmay_hexomino_r4
D:2:      minmay_razor_zed, layout_basic, basic_altar,
          shapermc_ecumenical_altar_hornbeckon, uniq_sigmund
D:3:      layout_basic, serial_undead, serial_undead_b, serial_undead_f,
          serial_undead_c, serial_undead_e, uniq_jessica
D:4:      dreamdust_elfheim, layout_cave_pods, portal_sewer_entry_b,
          uniq_blork_the_orc
D:5:      wad_pebble_path, layout_layer_cave, nrook_loot_triangle,
          minmay_crystal_room, corexii_hall_statues_l, uniq_edmund, uniq_pikel,
          uniq_ijyb, uniq_grinder
D:6:      layout_layer_cave, uniq_maggie
D:7:      layout_loops_corners, lemuel_tele_altar, kennysheep_slug_shrine,
          temple_fountains, nicolae_shop_sticking_my_neck_out, uniq_joseph,
          uniq_menkaure
D:8:      layout_basic, lair_entry_dummy, serial_shops, shop
D:9:      layout_gridville, orc_david_3, hangedman_decor_push, uniq_grum,
          uniq_harold
D:10:     layout_gridville, mainiacjoe_overflow_24_doors, grunt_decor_junction,
          uniq_gastronok, uniq_fannar
D:11:     layout_irregular_city, ploomutoo_gammafunk_ghost_potion_laboratory,
          nicolae_trove_entry_isolated, nicolae_kite_square_tiling_tiny
D:12:     layout_basic, serial_ice, serial_ice_e, serial_ice_l, serial_ice_b,
          serial_ice_d, serial_ice_c, serial_ice_h,
          portal_ice_cave_demonic_guard, uniq_nergalle
Temple:   hellmonk_temple_of_storms
Lair:1:   layout_cave_pods, nicolae_lair_run_with_the_wolves
Lair:2:   layout_gridlike, lemuel_fruit_fields, lemuel_fruit_tree,
          infiniplex_staircase_pool_2
Lair:3:   layout_layer_cave, swamp_mist, guppyfry_snake_entry_garden,
          minivault_27
Lair:4:   layout_regular_city, nicolae_slime_entry_slimehenge,
          grunt_megastairs_2
Lair:5:   evil_forest, layout_cave_shapes, hellmonk_ghost_happy_afterlife,
          basic_altar, lightli_volcano_entry_magma_tube
Orc:1:    layout_caves
Orc:2:    kennysheep_orc_mage_school, layout_caves, basic_altar,
          nicolae_shop_vocational
IceCv:    ice_cave_statue_garden_transporter

Skill      XL: |  1  2  3  4  5  6  7  8  9 10 11 12 13 14 |
---------------+-------------------------------------------+-----
Polearms       | 3 4 5 7 10 11 14 16 | 16.0
Necromancy     | 1 2 |  2.0
Conjurations   | 4 5 8 9 |  9.0
Spellcasting   | 5 |  5.9
Dodging        | 3 5 7 |  7.7
Armour         | 2 6 |  6.8
Fighting       | 3 7 9 10 | 10.5
Fire Magic     | 1 3 |  3.0
Earth Magic    | 1 3 |  3.0
Ice Magic      | 1 0 |  0.0
Evocations     | 3 6 |  6.8

Action                   |  1- 3 |  4- 6 |  7- 9 | 10-12 | 13-15 || total
-------------------------+-------+-------+-------+-------+-------++-------
Melee: Spear             |   103 |    63 |       |       |       ||   166
       Punch             |       |     1 |       |       |       ||     1
       Halberd           |       |    94 |   176 |   398 |   585 ||  1253
       Headbutt          |       |       |    13 |    49 |    90 ||   152
Throw: Dart              |       |       |    26 |    33 |    17 ||    76
 Cast: Kiss of Death     |     5 |     3 |     6 |     1 |       ||    15
       Searing Ray       |       |       |    15 |    10 |    26 ||    51
       Hailstorm         |       |       |     7 |    38 |       ||    45
       Volcanic Tap      |       |       |     5 |    14 |     4 ||    23
Invok: Sacrifice Drink   |       |       |       |     1 |       ||     1
       Sacrifice Purity  |       |       |       |     1 |     1 ||     2
       Sacrifice Health  |       |       |       |     1 |       ||     1
       Sacrifice Stealth |       |       |       |       |     1 ||     1
       Sacrifice Arcana  |       |       |       |       |     1 ||     1
       Apocalypse        |       |       |       |       |     1 ||     1
Evoke: Wand              |       |     1 |     3 |     4 |     6 ||    14
       Box of beasts     |       |       |       |       |     2 ||     2
  Use: Potion            |     2 |     2 |     8 |     1 |       ||    13
       Scroll            |     2 |       |     6 |    14 |     5 ||    27
 Stab: Sleeping          |       |       |     1 |       |       ||     1
       Paralysed         |       |       |     1 |    24 |     6 ||    31
       Distracted        |       |       |       |     1 |     2 ||     3
       Invisible         |       |       |       |     1 |     1 ||     2
Armor: Leather armour    |    17 |    22 |       |       |       ||    39
       Robe              |       |       |    21 |       |       ||    21
       Acid dragon scale |       |       |    17 |     8 |    14 ||    39
       Scale mail        |       |       |       |    39 |    61 ||   100
       Ring mail         |       |       |       |       |    14 ||    14
Dodge: Dodged            |    43 |    48 |    80 |   156 |   261 ||   588

Table legend: (Time is in decaauts)
 A = Elapsed time spent in this place.
 B = Non-inter-level travel time spent in this place.
 C = Inter-level travel time spent in this place.
 D = Time resting spent in this place.
 E = Time spent auto-exploring this place.
 F = Levels seen in this place.
 G = Mean time per level.
                   A        B        C        D        E       F      G
               +--------+--------+--------+--------+--------+-----+--------+
         Total |  33306 |  31354 |   1952 |  10213 |  16509 |  23 | 1448.1 |
       Dungeon |  18845 |  17527 |   1318 |   5725 |   9531 |  12 | 1570.4 |
        Temple |     73 |     65 |      8 |      0 |     26 |   1 |   73.0 |
          Lair |   9127 |   8873 |    254 |   2346 |   5208 |   5 | 1825.4 |
  Orcish Mines |   4606 |   4235 |    371 |   2141 |   1335 |   2 | 2303.0 |
         Sewer |    323 |    323 |      0 |      0 |    194 |   1 |  323.0 |
      Ice Cave |      6 |      6 |      0 |      0 |      0 |   1 |    6.0 |
       Volcano |    324 |    324 |      0 |      0 |    214 |   1 |  324.0 |
               +--------+--------+--------+--------+--------+-----+--------+

Top non-repeatable levels by time:
  Lair:5: 2845 daAuts
     D:9: 2536 daAuts
   Orc:2: 2399 daAuts
     D:2: 2328 daAuts
   Orc:1: 2206 daAuts
     D:5: 2006 daAuts
     D:8: 1806 daAuts
  Lair:2: 1736 daAuts
  Lair:4: 1707 daAuts
     D:1: 1696 daAuts
     D:6: 1537 daAuts
     D:7: 1506 daAuts
     D:3: 1493 daAuts
  Lair:3: 1491 daAuts
  Lair:1: 1346 daAuts
